 Dungeon Crawl Stone Soup version 0.25-b1-37-g2669288c55 (console) character file.

Game seed: 17447553908854261914

175 Kagalorn the Slasher (level 5, 0/32 HPs)
             Began as a Gargoyle Fighter on June 4, 2020.
             Slain by an elf zombie (2 damage)
             ... in an ossuary.
             The game lasted 00:04:46 (2876 turns).

Kagalorn the Slasher (Gargoyle Fighter)             Turns: 2876, Time: 00:04:47

Health: 0/32       AC: 12    Str: 19    XL:     5   Next: 55%
Magic:  5/5        EV:  7    Int: 10    God:
Gold:   117        SH:  9    Dex:  9    Spells: 4/4 levels left

rFire    . . .     SeeInvis .   a - +0 long sword
rCold    . . .     Gourm    .   c - +0 kite shield
rNeg     + . .     Faith    .   b - +0 scale mail
rPois    ∞         Spirit   .   (no helmet)
rElec    +         Reflect  .   g - +0 cloak
rCorr    .         Harm     .   (no gloves)
MR       .....                  (no boots)
Stlth    ..........             (no amulet)
HPRegen  0.10/turn              (no ring)
MPRegen  0.09/turn              (no ring)

@: no status effects
A: negative energy resistance 1, electricity resistance, unbreathing,
petrification resistance, rot immunity, AC +4
a: no special abilities


You were in an ossuary.
You were near starving.

You visited 1 branch of the dungeon, and saw 5 of its levels.
You also visited: Ossuary.

You collected 117 gold pieces.

Inventory:

Hand Weapons
 a - a +0 long sword (weapon)
Armour
 b - a +0 scale mail (worn)
 c - a +0 kite shield (worn)
 g - a +0 cloak (worn)
 v - a cursed +0 tower shield
Jewellery
 i - a cursed -4 ring of strength {unknown}
 r - an uncursed ring of fire {unknown}
Scrolls
 e - 2 scrolls of remove curse {unknown}
 h - 3 scrolls of teleportation {unknown}
 j - 2 scrolls of magic mapping {unknown}
 k - 5 scrolls of amnesia {unknown}
 q - 2 scrolls of identify {unknown}
Potions
 d - 2 potions of might
 l - a potion of brilliance {unknown}
 m - a potion of berserk rage
 n - 2 potions of curing {unknown}
 o - a potion of magic {unknown}
 p - a potion of resistance {unknown}
 s - a potion of heal wounds {unknown}
 t - a potion of lignification {unknown}
 u - a potion of stabbing {unknown}
 w - a potion of ambrosia {unknown}
Comestibles
 f - 3 rations


   Skills:
 - Level 3.2 Fighting
 + Level 5.1 Long Blades
 - Level 3.2 Armour
 - Level 3.2 Shields


You had 4 spell levels left.
You didn't know any spells.
Your spell library was empty.

Dungeon Overview and Level Annotations

Branches:
Dungeon (5/15)            Ossuary (1/1)
 Temple: D:4-7

Altars:
Gozag
Hepliaklqana
Okawaru
Qazlal
Sif Muna

Shops:
D:3 *   D:5 [


Innate Abilities, Weirdness & Mutations

You are resistant to torment.
Your stone body is resilient. (AC +4)
You are immune to poison.
You resist negative energy. (rN+)
You are resistant to electric shocks. (rElec)
You can survive without breathing.
You are immune to petrification.
You are immune to rotting.


Message History

* * * LOW HITPOINT WARNING * * *
You slash the mummy!
You destroy the mummy!
You hit the elf zombie.
The elf zombie is heavily damaged.
You block the elf zombie's attack.
Your shield prevents you from hitting the elf zombie.
The elf zombie is heavily damaged.
The elf zombie hits you but does no damage.
You slash the elf zombie!
The elf zombie is heavily damaged.
The elf zombie hits you.
* * * LOW HITPOINT WARNING * * *
You hit the elf zombie.
The elf zombie is heavily damaged.
The elf zombie hits you but does no damage.
You hit the elf zombie.
The elf zombie is severely damaged.
The elf zombie hits you.
You die...

#+# ###.### ##
##.....## Z.##
#.......# ....#
##...∩...###.....#
+...∩∩∩..@ZZ......
##...∩...###.....#
#.......# ....#
##.....## ..##
###.### ## #+#


You could see an elf zombie and a human zombie.

Vanquished Creatures
  A scorpion (D:4)
  Terence (D:2)
  2 mummies
  2 adders (D:2)
  An ooze (D:2)
  2 dart slugs (D:1)
  2 leopard geckos (D:2)
  An orc (D:3)
  12 giant cockroaches (D:2)
  A goblin (D:3)
  2 hobgoblins
  5 jackals
  2 kobolds
  2 quokkas
  2 ball pythons
  2 bats
  A frilled lizard (D:1)
  7 rats
48 creatures vanquished.

Notes
Turn   | Place    | Note
-------+----------+-------------------------------------------
     0 | D:1      | Kagalorn the Gargoyle Fighter began the quest for the Orb.
     0 | D:1      | Reached XP level 1. HP: 14/14 MP: 1/1
    19 | D:1      | Reached skill level 2 in Long Blades
   393 | D:1      | Reached XP level 2. HP: 19/19 MP: 2/2
  1155 | D:2      | Reached skill level 3 in Long Blades
  1161 | D:2      | Reached XP level 3. HP: 20/23 MP: 3/3
  1330 | D:2      | Noticed Terence
  1348 | D:2      | Killed Terence
  1348 | D:2      | Reached skill level 4 in Long Blades
  1348 | D:2      | Reached XP level 4. HP: 25/28 MP: 4/4
  1997 | D:3      | Found a shimmering blue altar of Sif Muna.
  2047 | D:3      | Found an iron altar of Okawaru.
  2051 | D:3      | Found an opulent altar of Gozag.
  2091 | D:3      | Found a stormy altar of Qazlal.
  2331 | D:3      | Found Gozag's Platinum Reserve.
  2333 | D:3      | Found an opulent altar of Gozag.
  2395 | D:4      | You fall into a shaft and drop 1 floor!
  2395 | D:5      | Entered Level 5 of the Dungeon
  2395 | D:5      | Found Dugrol's Antique Armour Emporium.
  2424 | D:4      | Found a hazy altar of Hepliaklqana.
  2542 | D:4      | Found a sand-covered staircase.
  2553 | D:4      | Reached XP level 5. HP: 11/32 MP: 5/5
  2555 | D:4      | HP: 1/32 [scorpion (5)]
  2558 | D:4      | Reached skill level 5 in Long Blades
  2729 | Ossuary  | Entered an ossuary
  2876 | Ossuary  | Slain by an elf zombie

Illustrated notes

Levels and vault maps discovered:
D:1:      arrival_zaba_pyramid, layout_basic
D:2:      minmay_roachtagon, layout_loops_cross, uniq_terence
D:3:      layout_basic, lemuel_crystal_altar, lemuel_crystal_altar,
          chequers_temple_overflow_statue_of_worship, hangedman_decor_points,
          nicolae_gozag_zags_fifth_avenue
D:4:      layout_cave_pools, kiku_gazebo_garden_becter,
          overflow_temple_1_default, first_ration, gup_ossuary_entry_pyramid,
          corexii_corridor_pit
D:5:      layout_layer_cave, serial_shops, nicolae_shop_stone, corner_web_ring,
          lemuel_tele_altar
Ossuary:  ossuary_minmay_four_chambers

Skill      XL: |  1  2  3  4  5 |
---------------+----------------+-----
Long Blades    | 2 3 4 5 |  5.1
Fighting       | |  3.2
Armour         | |  3.2
Shields        | |  3.2

Action                   |  1- 3 |  4- 6 || total
-------------------------+-------+-------++-------
Melee: Long sword        |   107 |   103 ||   210
  Use: Potion            |       |     1 ||     1
  Eat: Chunk             |     1 |     4 ||     5
Armor: Scale mail        |    56 |    45 ||   101
Dodge: Dodged            |    20 |    34 ||    54
Block: Kite shield       |    50 |    39 ||    89
       Rpst.: Long sword |     6 |    10 ||    16
